 Dungeon Crawl Stone Soup version 0.29.0-7-g18a832c13a (webtiles) character file.

Game seed: 4142233512313717473

1561 Anamonty the Covert (level 8, -1/58 HPs)
             Began as a Vampire Enchanter on Aug 31, 2022.
             Was an Initiate of Gozag.
             Slain by a gnoll bouda (5 damage)
             ... in a bailey.
             The game lasted 00:14:14 (6721 turns).

Anamonty the Covert (Vampire Enchanter)             Turns: 6721, Time: 00:14:15

Health: -1/58      AC:  5    Str:  7    XL:     8   Next: 58%
Magic:  8/13       EV:  8    Int: 20    God:    Gozag
Gold:   576        SH:  0    Dex: 26    Spells: 3/14 levels left

rFire   . . .      SeeInvis +   c - +1 dagger (vamp)
rCold   . . .      Faith    .   (no shield)
rNeg    . . .      Spirit   .   b - +0 robe
rPois   .          Reflect  .   (no helmet)
rElec   .          Harm     .   r - +2 cloak {rCorr}
rCorr   +          Rampage  .   (no gloves)
Will    .....                   (no boots)
Stlth   +++++.....              (no amulet)
HPRegen 0.39/turn               g - +6 ring of dexterity
MPRegen 0.13/turn               y - +6 ring of dexterity

@: held, healing quickly, invisible
A: alive, fangs 3, see invisible, vampiric 2
a: Exsanguinate, Renounce Religion, Potion Petition, Call Merchant, Bribe Branch


You were in a bailey.
You worshipped Gozag.
Gozag was pleased with you.
You visited 1 branch of the dungeon, and saw 7 of its levels.
You also visited: Bailey.

You collected 1061 gold pieces.
You spent 412 gold pieces at shops.
You paid 73 gold pieces to Gozag.

Inventory:

Hand Weapons
 a - a +1 dagger
 c - a +1 vampiric dagger (weapon)
 o - a +1 dagger of protection
Armour
 b - a +0 robe (worn)
 h - an orb of energy
 r - a +2 cloak of preservation (worn)
Jewellery
 g - a +6 ring of dexterity (left hand)
 y - a +6 ring of dexterity (right hand)
Wands
 v - a wand of quicksilver (3)
Scrolls
 d - 4 scrolls of teleportation
 i - 2 scrolls of noise
 k - a scroll of enchant weapon {unknown}
 l - a scroll of enchant armour {unknown}
 m - 4 scrolls of amnesia
 p - a scroll of vulnerability {unknown}
 u - a scroll of fear {unknown}
 w - 2 scrolls of butterflies {unknown}
Potions
 e - a potion of attraction
 f - a potion of might
 j - a potion of mutation
 n - 3 potions of heal wounds {unknown}
 q - a potion of degeneration {unknown}
 s - a potion of curing
 x - 2 potions of lignification {unknown}


   Skills:
 + Level 3.2 Fighting
 + Level 4.0 Short Blades
 + Level 4.5 Dodging
 * Level 9.4 Stealth
 + Level 3.9 Spellcasting
 * Level 9.2 Hexes


You had 3 spell levels left.
You knew the following spells:

 Your Spells              Type           Power      Damage    Failure   Level
a - Ensorcelled Hibernat  Hex/Ice        44%        N/A       3%          2
b - Tukima's Dance        Hex            40%        N/A       1%          3
c - Confusing Touch       Hex            40%        N/A       1%          3
d - Dazzling Flash        Conj/Hex       44%        N/A       6%          3

Your spell library contained the following spells:

 Spells                   Type           Power      Damage    Failure   Level
 Apportation              Tloc           6%         N/A       13%         1
 Necrotise                Necr           12%        1d4       13%         1
 Sandblast                Erth           6%         2d5       13%         1
 Summon Small Mammal      Summ           12%        N/A       13%         1
 Passwall                 Tmut/Erth      2%         N/A       21%         2
 Poisonous Vapours        Pois/Air       6%         N/A       21%         2
 Stone Arrow              Conj/Erth      6%         3d7       36%         3
 Corpse Rot               Necr/Pois/Air  Unusable   N/A       N/A         4

Dungeon Overview and Level Annotations

Branches:
Dungeon (7/15)             Temple (0/1) D:5          Bailey (1/1)

Altars:
Gozag
Makhleb
Trog
Wu Jian

Shops:
D:1 *   D:3 [   D:5 [

Annotations:
D:2 Robin


Innate Abilities, Weirdness & Mutations

Your natural rate of healing is accelerated.
You have razor-sharp teeth.
You have supernaturally acute eyesight. (SInv)
You are afflicted with vampirism and can become a bat while bloodless.


Message History

* * * LOW HITPOINT WARNING * * *
You rip the net and break free!
Something barely misses your +0 spear.
Your +0 spear closely misses the gnoll bouda.
The gnoll sergeant hits you but does no damage.
The gnoll barely misses you.
The gnoll hits you from afar with a +0 trident.
* * * LOW HITPOINT WARNING * * *
A wolf comes into view.
Okay, then.
Casting: Tukima's Dance (safe; 1% risk of failure)
Confirm with . or Enter, or press ? or * to list all spells.
You don't know that spell.
Casting: Tukima's Dance (safe; 1% risk of failure)
Confirm with . or Enter, or press ? or * to list all spells.
Casting: Dazzling Flash (dangerous; 6% risk of failure)
Press: ? - help, Dir - look around, f - activate The gnoll is dazzled.
The gnoll bouda is dazzled.
The gnoll sergeant is dazzled.
The gnoll is dazzled.
The wolf barely misses your +0 spear.
Something hits your +0 spear!
Your +0 spear hits the gnoll.
The gnoll bouda barks out a call to the hunt!
The gnoll sergeant misses you.
The gnoll throws a throwing net.
The throwing net hits you.
You become entangled in the net!
You fade into invisibility!
The wolf bites your +0 spear.
Your +0 spear falls from the air.
The gnoll bouda hits you.
* * * LOW HITPOINT WARNING * * *
The gnoll barely misses you.
You struggle against the net.
A gnoll bouda comes into view. It is wielding a +0 trident.
The gnoll closely misses you. The gnoll bouda closely misses you.
The gnoll hits you from afar with a +0 spear.
* * * LOW HITPOINT WARNING * * *
You struggle against the net.
The gnoll hits you but does no damage. The gnoll bouda closely misses you.
You struggle against the net.
The gnoll completely misses you. The gnoll bouda hits you.
You die...
Your body crumbles into a pile of gold.

##.....##
#.......# #
#...8...# #.
#.......# #..
##.....## #...
##...## #8...
##'##
#...gg#...#
#...hg@..+
##..g#g..# ###
#.).#
...............
...............
≈≈≈≈≈≈≈≈≈≈≈≈≈≈≈
♣♣♣♣♣♣♣♣♣♣♣♣♣♣♣


You could see a gnoll sergeant (swift, blind), a wolf, 2 gnoll boudas and 2
gnolls.

Vanquished Creatures
  An ice beast (D:6)
  A black bear (D:5)
  2 phantoms
  A bullfrog (D:6)
  A scorpion (D:5)
  A gnoll sergeant (Bailey)
  A howler monkey (D:5)
  5 hounds
  A jelly (D:6)
  Crazy Yiuf (D:3)
  A gnoll bouda (Bailey)
  3 orc priests
  Ijyb (D:5)
  6 orc wizards
  3 iguanas
  A gnoll (Bailey)
  4 adders
  A shadow imp (D:5)
  A white imp (D:6)
  2 ufetubi (D:6)
  2 worms
  2 dart slugs (D:1)
  22 orcs
  6 ball pythons
  3 endoplasms
  3 giant cockroaches
  18 goblins
  14 hobgoblins
  6 kobolds
  4 quokkas
  5 bats
  8 rats
131 creatures vanquished.

Vanquished Creatures (collateral kills)
  An orc warrior (D:6)
  A gnoll sergeant (Bailey)
  A gnoll bouda (Bailey)
  2 gnolls (Bailey)
  2 orcs
7 creatures vanquished.

Vanquished Creatures (others)
  9 dancing weapons
  An orc wizard (D:4)
  A fungus (D:2)
  3 plants (D:2)
14 creatures vanquished.

Grand Total: 152 creatures vanquished

Notes
Turn   | Place    | Note
-------+----------+-------------------------------------------
     0 | D:1      | Anamonty the Vampire Enchanter began the quest for the Orb.
     0 | D:1      | Reached XP level 1. HP: 13/13 MP: 3/3
    73 | D:1      | Found Ziuris's Assorted Antiques.
    88 | D:1      | Bought a sapphire potion for 16 gold pieces
   274 | D:1      | Reached XP level 2. HP: 16/19 MP: 5/5
   277 | D:1      | Learned a level 2 spell: Ensorcelled Hibernation
   472 | D:1      | Reached skill level 5 in Hexes
   649 | D:1      | Gained mutation: You are afflicted with vampirism and can
                  | become a bat while bloodless. [Vampire growth]
   649 | D:1      | Reached XP level 3. HP: 25/25 MP: 3/6
   653 | D:1      | Learned a level 3 spell: Tukima's Dance
   968 | D:2      | Found a faded altar of an unknown god.
  1101 | D:2      | Reached skill level 5 in Stealth
  1214 | D:2      | Noticed Robin
  1291 | D:2      | Found a burning altar of Makhleb.
  1294 | D:2      | Reached skill level 1 in Fighting
  1700 | D:2      | Reached XP level 4. HP: 32/32 MP: 2/7
  1941 | D:3      | Found an opulent altar of Gozag.
  1975 | D:3      | Became a worshipper of Gozag Ym Sagoz the Greedy
  2142 | D:3      | Found a runed translucent door.
  2143 | D:3      | Noticed Crazy Yiuf
  2346 | D:3      | Found Boim's Antique Armour Boutique.
  2633 | D:3      | Killed Crazy Yiuf
  3033 | D:4      | Reached XP level 5. HP: 31/37 MP: 3/8
  3041 | D:4      | Learned a level 3 spell: Confusing Touch
  3596 | D:4      | Reached XP level 6. HP: 44/44 MP: 7/10
  3795 | D:1      | Bought a shiny orb for 216 gold pieces
  3795 | D:1      | Bought a potion of invisibility for 144 gold pieces
  3795 | D:1      | Bought a scroll of identify for 36 gold pieces
  4022 | D:5      | Entered Level 5 of the Dungeon
  4022 | D:5      | Found Avvubam's Antique Armour Emporium.
  4099 | D:5      | Reached XP level 7. HP: 38/50 MP: 5/11
  4596 | D:5      | Found a staircase to the Ecumenical Temple.
  4683 | D:5      | Found an ornate altar of the Wu Jian Council.
  4749 | D:5      | Noticed Ijyb
  4755 | D:5      | Killed Ijyb
  4922 | D:5      | Learned a level 3 spell: Dazzling Flash
  5438 | D:6      | Reached XP level 8. HP: 49/57 MP: 10/13
  5554 | D:6      | Found a burning altar of Makhleb.
  5976 | D:6      | Found a bloodstained altar of Trog.
  6462 | D:7      | Found a flagged portal.
  6467 | Bailey   | Entered a bailey
  6721 | Bailey   | Slain by a gnoll bouda

Illustrated notes

Levels and vault maps discovered:
D:1:      dpeg_arrival_pond, layout_basic, serial_shops, nicolae_shop_stone
D:2:      layout_basic, basic_altar, dreamdust_ecumenical_altar_grove,
          kennysheep_decorative_pillar, uniq_robin
D:3:      layout_rooms, nicolae_gozag_cash_rules_everything_around_me,
          serial_shops, shop, uniq_crazy_yiuf_cottage
D:4:      layout_basic
D:5:      layout_loops_ring, nzn_wu_jian_council_hall,
          minmay_temple_entry_water_ring, serial_shops,
          nicolae_shop_hallway_stairs, uniq_ijyb
D:6:      layout_gridville, trog_hazing_becter, marbit_many_paths, hex_large,
          kennysheep_nub
D:7:      layout_rooms, vehumet_statue, mainiacjoe_overflow_cross_hatched,
          mainiacjoe_overflow_swirl, enter_bailey_2, kennysheep_generic_room_8
Bailey:   bailey_polearm_gnolls_kennysheep, bailey

Skill      XL: |  1  2  3  4  5  6  7  8 |
---------------+-------------------------+-----
Hexes          | 5 6 7 8 9 |  9.2
Stealth        | 5 6 7 8 9 |  9.4
Fighting       | 1 2 3 |  3.2
Short Blades   | 2 3 4 |  4.0
Dodging        | 3 4 |  4.5
Spellcasting   | 3 |  3.9

Action                   |  1- 3 |  4- 6 |  7- 9 || total
-------------------------+-------+-------+-------++-------
Melee: Dagger            |    92 |   146 |   198 ||   436
       Bite              |     8 |    15 |    25 ||    48
       Punch             |       |     3 |     3 ||     6
 Cast: Ensorcelled Hiber |    19 |    28 |    30 ||    77
       Tukima's Dance    |     2 |     5 |    10 ||    17
       Confusing Touch   |       |       |    15 ||    15
       Dazzling Flash    |       |       |     1 ||     1
  Use: Potion            |     1 |     3 |     1 ||     5
       Scroll            |       |     5 |     1 ||     6
 Stab: Sleeping          |    22 |    24 |    26 ||    72
       Invisible         |     1 |     3 |       ||     4
       Distracted        |       |     1 |       ||     1
       Confused          |       |       |    11 ||    11
Armor: Robe              |    17 |    41 |    41 ||    99
Dodge: Dodged            |    54 |    75 |   123 ||   252
